 Dungeon Sprint DCSS version 0.23.0-28-g6fe0f4d (webtiles) character file.

Game seed: 12723815628827215967

597 Fang the Fighter (level 7, -11/53 HPs)
             Began as a Gargoyle Berserker on Feb 25, 2019.
             Was an Elder of Trog.
             Mangled by a cyclops (18 damage)
             ... in the Dungeon (Sprint V: "Ziggurat Sprint").
             The game lasted 00:00:41 (125 turns).

Fang the Fighter (Gargoyle Berserker)                Turns: 125, Time: 00:00:42

Health: -11/53     AC: 34    Str: 34    XL:     7   Next: 40%
Magic:  7/7        EV: 11    Int:  8    God:    Trog [****..]
Gold:   0          SH:  0    Dex:  9    Spells: 6/6 levels left

rFire    . . .     SeeInvis .   k - +5 executioner's axe
rCold    . . .     Gourm    .   (shield currently unavailable)
rNeg     + . .     Faith    .   j - +15 Maxwell's patent armour {-Cast -Tele rElec MR+ rCorr}
rPois    ∞         Spirit   .   (no helmet)
rElec    +         Reflect  .   (no cloak)
rCorr    +         Harm     .   (no gloves)
MR       +....     NoTele   +   (no boots) Stlth ..........NoCast +
                                (no amulet)
HPRegen  0.17/turn              D - +6 ring of strength
MPRegen  0.10/turn              E - +6 ring of strength

@: berserk cooldown, slowed, very slow
A: negative energy resistance 1, electricity resistance, unbreathing,
petrification resistance, rot immunity, AC +4
a: Berserk, Trog's Hand, Brothers in Arms, Renounce Religion


You were in the Dungeon.
You worshipped Trog.
Trog was greatly pleased with you.
You were not hungry.

You visited 1 branch

Inventory:

Hand Weapons
 k - a +5 executioner's axe (weapon)
Armour
 j - the +15 Maxwell's patent armour (worn) {-Cast -Tele rElec MR+ rCorr}
   (You found it in the Dungeon)

   It insulates you from electricity.
   It affects your resistance to hostile enchantments.
   It prevents spellcasting.
   It prevents most forms of teleportation.
   It provides partial protection from all sources of acid and corrosion.
Jewellery
 D - a +6 ring of strength (left hand)
 E - a +6 ring of strength (right hand)
Wands
 w - a wand of disintegration (7)
 x - a wand of iceblast (7)
 y - a wand of acid (7)
Scrolls
 i - 4 scrolls of blinking
 l - 7 scrolls of fog
 m - a scroll of holy word
 n - 5 scrolls of identify
 o - 5 scrolls of remove curse
 p - 2 scrolls of fear
Potions
 d - 10 potions of curing
 e - 9 potions of heal wounds
 f - 6 potions of haste
 g - 7 potions of magic
 h - 3 potions of berserk rage
 q - 2 potions of brilliance
 r - 2 potions of invisibility
 s - 4 potions of resistance
 t - a potion of experience
 u - 5 potions of agility
 v - 5 potions of might
Comestibles
 a - 2 chunks of flesh
 c - 7 rations


   Skills:
 + Level 10.3 Fighting
   Level 3.0 Maces & Flails
 + Level 10.1 Armour
 + Level 7.7 Dodging


You had 6 spell levels left.
You didn't know any spells.
Your spell library was empty.

Dungeon Overview and Level Annotations

Branches:
Dungeon (1/1)

Altars:
Ashenzari
Cheibriados
Dithmenos
Elyvilon
Fedhas
Gozag
Hepliaklqana
Kikubaaqudgha
Makhleb
Nemelex Xobeh
Okawaru
Qazlal
Ru
Sif Muna
Trog
Uskayaw
Vehumet
Wu Jian
Xom
Yredelemnul
Zin
The Shining One
Beogh
Jiyva
Lugonu

Annotations:
D 1 transporter


Innate Abilities, Weirdness & Mutations

You are resistant to torment.
Your stone body is resilient. (AC +4)
You are immune to poison.
You resist negative energy. (rN+)
You are resistant to electric shocks. (rElec)
You can survive without breathing.
You are immune to petrification.
You are immune to rotting.


Message History

You are too injured to fight recklessly!
You are too injured to fight recklessly!
You are too injured to fight recklessly!
You hit the cyclops.
The cyclops is heavily wounded.
You closely miss the troll. The troll barely misses you.
The troll claws you but does no damage. The troll closely misses you.
The cyclops closely misses you. The troll misses you.
The troll claws you but does no damage. The troll barely misses you.
The cyclops misses you. The troll barely misses you.
The troll claws you but does no damage. The troll closely misses you.
You barely miss the cyclops.
The cyclops is heavily wounded.
You barely miss the troll. The troll barely misses you.
The troll claws you but does no damage. The troll barely misses you.
The cyclops hits you!!
* * * LOW HITPOINT WARNING * * *
The troll barely misses you. The troll claws you but does no damage.
The troll completely misses you. The cyclops hits you!!
You die...

▓.÷...▓.....▓..©..▓
▓..©..▓..©..▓▓▓▓▓▓▓
▓▓▓▓▓▓▓▓▓▓▓▓▓▓
▓..8©8...▓
▓..)})...▓
▓...|....▓
▓........▓
▓..TC....▓
▓.▓.@(.▓.▓
▓...©....▓
▓▓▓▓▓▓▓▓▓▓


You could see a cyclops and a troll.

Vanquished Creatures
  A cyclops (D)
  A troll (D)
  An iron imp (D)
  An adder (D)
  A shadow imp (D)
  A bat skeleton (D)
  3 ball pythons (D)
  A bat simulacrum (D)
  A leopard gecko simulacrum (D)
11 creatures vanquished.

Vanquished Creatures (others)
  Sigmund (D)
  Eustachio (D)
  Dowan (D)
3 creatures vanquished.

Grand Total: 14 creatures vanquished

Notes
Turn   | Place    | Note
-------+----------+-------------------------------------------
     0 | D        | Found the +6 Majin-Bo {vamp, Archmagi MP+6 Int+6}
     0 | D        | Found the +7 great mace "Firestarter" {inner flame, rF++}
     0 | D        | Fang the Gargoyle Berserker began the quest for the Orb.
     0 | D        | Reached XP level 1. HP: 14/14 MP: 1/1
     2 | D        | Found a blossoming altar of Fedhas.
     3 | D        | Found a transporter.
     3 | D        | Found a viscous altar of Jiyva.
     3 | D        | Found an ancient bone altar of Kikubaaqudgha.
     3 | D        | Found a hazy altar of Hepliaklqana.
     3 | D        | Found a corrupted altar of Lugonu.
     3 | D        | Found an opulent altar of Gozag.
     3 | D        | Found a burning altar of Makhleb.
     8 | D        | Found an iron altar of Okawaru.
     8 | D        | Found a stormy altar of Qazlal.
     8 | D        | Found a sparkling altar of Nemelex Xobeh.
     8 | D        | Found a sacrificial altar of Ru.
     8 | D        | Found a deep blue altar of Sif Muna.
    13 | D        | Found the +9 heavy crossbow "Sniper" {velocity, Acc+∞ SInv}
    13 | D        | Found the +10 dark maul {crush}
    13 | D        | Found the +15 Maxwell's patent armour {-Cast -Tele rElec
                  | MR+ rCorr}
    13 | D        | Found the +18 shield of the Gong {rElec rN+ MR+ EV-5}
    13 | D        | Found the cursed +14 obsidian axe {chop, +Fly SInv *Curse}
    13 | D        | Killed Dowan
    21 | D        | Killed Eustachio
    27 | D        | Found a bloodstained altar of Trog.
    70 | D        | Entered arena 2.
    70 | D        | Found a transporter.
    84 | D        | Entered arena 3.
    84 | D        | Noticed an iron imp
    84 | D        | Found a transporter.
    86 | D        | Reached ** piety under Trog
    89 | D        | Killed an iron imp
    89 | D        | Reached skill level 5 in Fighting
    89 | D        | Reached XP level 2. HP: 20/21 MP: 2/2
    89 | D        | Reached XP level 3. HP: 25/26 MP: 3/3
    97 | D        | Entered arena 4.
    97 | D        | Found a transporter.
   102 | D        | Reached *** piety under Trog
   103 | D        | Killed Sigmund
   113 | D        | Entered arena 5.
   113 | D        | Noticed a troll
   113 | D        | Noticed a cyclops
   113 | D        | Noticed a cyclops
   113 | D        | Noticed a troll
   113 | D        | Found a transporter.
   120 | D        | Killed a troll
   120 | D        | Reached XP level 4. HP: 36/36 MP: 4/4
   120 | D        | Reached XP level 5. HP: 40/40 MP: 5/5
   120 | D        | Reached XP level 6. HP: 45/45 MP: 6/6
   122 | D        | Killed a cyclops
   122 | D        | Reached **** piety under Trog
   122 | D        | Reached skill level 10 in Fighting
   122 | D        | Reached skill level 10 in Armour
   122 | D        | Reached XP level 7. HP: 47/53 MP: 7/7
   125 | D        | Mangled by a cyclops

Skill      XL: |  1  2  3  4  5  6 |
---------------+-------------------+-----
Dodging        | 3 6 7 |  7.7
Fighting       | 5 8 10 | 10.3
Armour         | 4 8 10 | 10.1
Maces & Flails | |  3.0

Action                   |  1- 3 |  4- 6 |  7- 9 || total
-------------------------+-------+-------+-------++-------
Melee: Executioner's axe |    19 |     2 |     3 ||    24
Invok: Berserk           |     1 |       |       ||     1
  Use: Potion            |     1 |       |       ||     1
Armor: Plate armour      |    55 |     5 |    11 ||    71
Dodge: Dodged            |    26 |     4 |    15 ||    45
